 Dungeon Crawl Stone Soup version 0.28.0-45-g0d030f2227 (webtiles) character file.

Game seed: 6346977994384511505

3209 croobank the Fighter (level 9, -21/82 HPs)
             Began as a Minotaur Fighter on Apr 12, 2022.
             Was an Initiate of Gozag.
             Demolished by a two-headed ogre
             ... wielding a +0 giant club
              (32 damage)
             ... on level 8 of the Dungeon.
             The game lasted 00:17:29 (8299 turns).

croobank the Fighter (Minotaur Fighter)             Turns: 8299, Time: 00:17:38

Health: -21/82     AC: 13    Str: 25    XL:     9   Next: 65%
Magic:  8/8        EV:  7    Int:  5    God:    Gozag
Gold:   708        SH:  6    Dex: 10    Spells: 8/8 levels left

rFire   . . .      SeeInvis .   p - +0 war axe (spect)
rCold   . . .      Faith    .   c - +1 buckler
rNeg    + + .      Spirit   .   f - +0 plate armour
rPois   .          Reflect  .   (helmet restricted)
rElec   .          Harm     +   m - scarf {harm}
rCorr   .          Rampage  .   (no gloves)
Will    .....                   (no boots)
Stlth   ..........              (no amulet)
HPRegen 0.23/turn               x - ring of positive energy
MPRegen 0.11/turn               A - ring of positive energy

@: mighty, about to teleport, gold aura
A: horns 2, retaliatory headbutt
a: Renounce Religion, Potion Petition, Call Merchant, Bribe Branch


You were on level 8 of the Dungeon.
You worshipped Gozag.
Gozag was pleased with you.
You visited 2 branches of the dungeon, and saw 9 of its levels.

You collected 918 gold pieces.
You spent 152 gold pieces at shops.
You paid 58 gold pieces to Gozag.

Inventory:

Hand Weapons
 a - the +8 whip of Kuixe {drain, rElec}
   (You found it on level 2 of the Dungeon)

   A truly terrible weapon, it drains the life of any living foe it strikes.
   rElec:     It insulates you from electricity.
 b - a +0 hunting sling
 p - a +0 spectral war axe (weapon)
 v - the +4 dagger of Kihom {flame, rF- Str+10 Dex+4 Stlth+}
   (You found it on level 3 of the Dungeon)

   It burns those it strikes, dealing additional fire damage.
   Str:       It affects your strength (+10).
   Dex:       It affects your dexterity (+4).
   rF:        It makes you vulnerable to fire.
   Stlth:     It makes you more stealthy.
Missiles
 g - 7 atropa-tipped darts (quivered)
 i - 66 sling bullets
 q - 17 poisoned darts
 t - 93 bolts
 w - 4 javelins
 y - 54 arrows
Armour
 c - a +1 buckler (worn)
 f - a +0 plate armour (worn)
 m - a scarf of harm (worn)
Jewellery
 x - a ring of positive energy (left hand)
 A - a ring of positive energy (right hand)
 E - a ring of poison resistance
Wands
 D - a wand of iceblast (5)
Scrolls
 j - 4 scrolls of immolation
 n - a scroll of amnesia
 s - a scroll of teleportation
 C - 2 scrolls of magic mapping
Potions
 d - 2 potions of might
 e - a potion of flight
 h - 3 potions of heal wounds
 k - 2 potions of lignification
 l - 6 potions of curing
 o - a potion of invisibility {unknown}
 r - a potion of mutation {unknown}
 u - a potion of ambrosia {unknown}
 z - a potion of degeneration {unknown}
 B - 2 potions of brilliance {unknown}


   Skills:
 + Level 8.3 Fighting
 + Level 6.1 Short Blades
 - Level 3.1(5.4) Axes
 + Level 6.9(7.3) Maces & Flails
 + Level 8.3 Armour
 + Level 8.2 Shields


You had 8 spell levels left.
You didn't know any spells.
Your spell library contained the following spells:

 Spells                   Type           Power      Damage    Failure   Level
 Summon Small Mammal      Summ           0%         N/A       100%        1
 Call Canine Familiar     Summ           0%         N/A       100%        3
 Ignite Poison            Fire/Tmut/Pois 0%         N/A       100%        3
 Mephitic Cloud           Conj/Pois/Air  0%         N/A       100%        3
 Summon Guardian Golem    Hex/Summ       0%         N/A       100%        3
 Hailstorm                Conj/Ice       0%         3d3       100%        4
 Ice Form                 Ice/Tmut       0%         N/A       100%        4
 Freezing Cloud           Conj/Ice/Air   0%         6-21      100%        5
 Simulacrum               Ice/Necr       0%         N/A       100%        6


Dungeon Overview and Level Annotations

Branches:
Dungeon (8/15)             Temple (1/1) D:4
   Lair: D:8-11

Altars:
Ashenzari
Cheibriados
Dithmenos
Elyvilon
Fedhas
Gozag
Hepliaklqana
Kikubaaqudgha
Makhleb
Nemelex Xobeh
Okawaru
Qazlal
Ru
Sif Muna
Trog
Uskayaw
Vehumet
Wu Jian
Xom
Yredelemnul
Zin
The Shining One

Shops:
D:2 [   D:4 *   D:8 :


Innate Abilities, Weirdness & Mutations

You have a pair of horns on your head.
You reflexively headbutt those who attack you in melee.


Message History

You kill the kobold!
The kobold throws a poisoned dart.
The poisoned dart hits you!
You are poisoned.
The kobold throws a stone.
The stone hits you but does no damage.
You feel sick.
The kobold throws a poisoned dart.
The poisoned dart hits you!
You are more poisoned.
Items here: $ )) [.
You feel very sick.
You feel very sick.
You feel very sick.
Throw: 8 darts (atropa)
Press: ? - help, Q - select action, (/) - cycle Shift-Dir - straight line, f - two-headed ogre
Aim: a two-headed ogre, wielding a +0 giant club and a +0 giant spiked club (75% to hit, chance to blind on hit: 3%)
You throw an atropa-tipped dart.
The atropa-tipped dart hits the two-headed ogre.
The two-headed ogre resists.
You feel sick.
You feel very mighty all of a sudden.
You feel sick. The two-headed ogre barely misses you.
The two-headed ogre hits you with a +0 giant spiked club!
You completely miss the two-headed ogre.
You headbutt the two-headed ogre!
The two-headed ogre is lightly wounded.
You feel sick.
The two-headed ogre hits you with a +0 giant club!
* * * LOW HITPOINT WARNING * * *
The two-headed ogre hits you with a +0 giant spiked club.
* * * LOW HITPOINT WARNING * * *
You feel sick.
You feel sick.
You feel sick.
You feel sick.
As you read the scroll of teleportation, it crumbles to dust.
You feel strangely unstable.
You feel sick.
You are no longer poisoned.
The two-headed ogre completely misses you.
You furiously retaliate!
You headbutt the two-headed ogre!!
The two-headed ogre hits you with a +0 giant spiked club!!
You die...
Your body crumbles into a pile of gold.

#..........##..#.........
#..........##..#.######..
#...≈≈.....##..#.#.......
#..≈≈≈≈≈...##..#.#.###...
#..≈≈≈≈≈...##..#.#.#<#.#.
###..≈≈≈.........#.#.#.#.#.
#######.......!....###.#.#.#...#.
#.....8.<.∩.>.8....###.#.#.#####.
#...............@......#.#.......
#...............O..###.#.########
#.........######K### .#.........
#.........# #.# .##########
########### #K# .# #.# #.##
...#####$.# ..K...$...#


You could see a two-headed ogre and 2 kobolds.

Vanquished Creatures
  Maggie (D:8)
  A troll (D:7)
  Prince Ribbit (D:6)
  A hornet (D:8)
  An ice beast (D:6)
  An orc warrior (D:7)
  2 sky beasts
  A black bear (D:5)
  A necrophage (D:4)
  3 ogres
  2 kobold brigands
  3 bullfrogs
  A gnoll sergeant (D:7)
  A water moccasin zombie (D:7)
  A water moccasin skeleton (D:6)
  4 killer bees (D:8)
  2 jellies (D:7)
  A howler monkey (D:8)
  A centaur zombie (D:6)
  2 bullfrog zombies (D:5)
  A bullfrog skeleton (D:5)
  2 hounds
  3 orc priests
  A centaur skeleton (D:7)
  5 iguanas
  4 orc wizards
  Robin (D:2)
  5 gnolls (D:7)
  6 adders
  2 white imps
  2 worms (D:4)
  2 dart slugs
  8 orcs
  7 ball pythons
  5 bats
  8 endoplasms
  2 giant cockroaches
  12 goblins
  14 hobgoblins
  3 jackals (D:1)
  9 kobolds
  2 quokkas (D:2)
  4 frilled lizards (D:3)
  7 rats
  3 bushes (D:3)
149 creatures vanquished.

Notes
Turn   | Place    | Note
-------+----------+-------------------------------------------
     0 | D:1      | croobank the Minotaur Fighter began the quest for the Orb.
     0 | D:1      | Reached XP level 1. HP: 19/19 MP: 0/0
    78 | D:1      | Reached XP level 2. HP: 24/27 MP: 1/1
   582 | D:2      | Reached XP level 3. HP: 28/33 MP: 2/2
  1008 | D:2      | Identified the +8 whip of Kuixe {drain, rElec}
  1210 | D:2      | Noticed Robin
  1233 | D:2      | Killed Robin
  1237 | D:2      | Reached XP level 4. HP: 30/41 MP: 3/3
  1340 | D:2      | Found Cuemeiff's Antique Armour Emporium.
  1725 | D:3      | Reached skill level 1 in Maces & Flails
  2299 | D:3      | Identified the +4 dagger of Kihom {flame, rF- Str+10 Dex+4
                  | Stlth+}
  2593 | D:4      | Reached XP level 5. HP: 47/47 MP: 4/4
  2595 | D:4      | Found Ykhle's CLEARANCE SALE!.
  2921 | D:4      | Found a staircase to the Ecumenical Temple.
  2930 | Temple   | Entered the Ecumenical Temple
  3062 | Temple   | Became a worshipper of Gozag Ym Sagoz the Greedy
  3240 | D:4      | Noticed a necrophage
  3247 | D:4      | Killed a necrophage
  3248 | D:4      | Reached skill level 5 in Fighting
  3248 | D:4      | Reached skill level 1 in Short Blades
  3248 | D:4      | Reached skill level 5 in Armour
  3248 | D:4      | Reached XP level 6. HP: 55/56 MP: 5/5
  3287 | D:4      | Reached skill level 5 in Shields
  3568 | D:2      | Bought an embroidered scarf for 152 gold pieces
  3671 | D:5      | Entered Level 5 of the Dungeon
  3850 | D:5      | Found a sacrificial altar of Ru.
  3918 | D:5      | Reached XP level 7. HP: 49/61 MP: 6/6
  5176 | D:6      | Reached XP level 8. HP: 67/71 MP: 7/7
  5382 | D:6      | Reached skill level 5 in Maces & Flails
  5574 | D:6      | Noticed Prince Ribbit
  5580 | D:6      | Killed Prince Ribbit
  6395 | D:7      | Noticed a troll
  6401 | D:7      | Killed a troll
  6734 | D:7      | Reached skill level 5 in Short Blades
  6923 | D:7      | Reached XP level 9. HP: 79/79 MP: 8/8
  8094 | D:8      | Found Opyok's Book Shoppe.
  8192 | D:8      | Noticed Maggie
  8201 | D:8      | Killed Maggie
  8284 | D:8      | Noticed a two-headed ogre
  8299 | D:8      | Demolished by a two-headed ogre

Illustrated notes

Levels and vault maps discovered:
D:1:      sevenhm_arrival_forest_fort_large_4, layout_rooms, minmay_cut_off
D:2:      layout_basic, serial_shops, shop, uniq_robin
D:3:      layout_basic, serial_forest, infiniplex_forest_side_room,
          infiniplex_forest_straight_2, infiniplex_forest_lined_room_2,
          infiniplex_forest_lined_ring, infiniplex_forest_3_way,
          infiniplex_forest_lined_corner, st_stairs_10, nrook_uturn
D:4:      layout_loops_ring, minmay_temple_entry_antechambers,
          chequers_mini_garden, nicolae_shop_clearance
D:5:      layout_loops_ring, nicolae_ru_path_of_blood
D:6:      layout_basic, st_stairs_4, minmay_crystal_water, nicolae_benzene_ring,
          uniq_prince_ribbit1
D:7:      layout_basic
D:8:      layout_basic, serial_shops, nicolae_stop_n_shop_2, st_stairs_8,
          uniq_maggie
Temple:   mainiacjoe_temple_hex_bubbles

Skill      XL: |  1  2  3  4  5  6  7  8  9 |
---------------+----------------------------+-----
Fighting       | 4 5 6 7 8 |  8.3
Armour         | 4 5 6 7 8 |  8.3
Shields        | 4 5 6 7 8 |  8.2
Axes           | 3 |  3.1
Maces & Flails | 1 2 3 4 5 6 |  6.9
Short Blades   | 1 2 3 5 6 |  6.1

Action                   |  1- 3 |  4- 6 |  7- 9 || total
-------------------------+-------+-------+-------++-------
Melee: War axe           |    52 |       |    67 ||   119
       Headbutt          |     6 |    44 |    26 ||    76
       Whip              |    16 |   171 |    40 ||   227
       Dagger            |       |       |    17 ||    17
 Fire: Hunting sling     |       |     3 |       ||     3
Throw: Dart              |       |     1 |     2 ||     3
Evoke: Wand              |       |       |     1 ||     1
  Use: Scroll            |     2 |     9 |     5 ||    16
       Potion            |       |       |     1 ||     1
Armor: Scale mail        |    37 |    22 |    24 ||    83
       Plate armour      |       |       |    24 ||    24
Dodge: Dodged            |    39 |    25 |    52 ||   116
Block: Buckler           |    20 |    11 |    22 ||    53
